 Dungeon Crawl Stone Soup version 0.26-a0-752-gcff87cac9a (webtiles) character file.

Game seed: 16758792492929510385

3402 Peloso the Blocker (level 9, -9/78 HPs)
             Began as a Minotaur Fighter on Nov 6, 2020.
             Was a Follower of Okawaru.
             Mangled by a death yak (18 damage)
             ... on level 7 of the Dungeon.
             The game lasted 00:12:44 (6895 turns).

Peloso the Blocker (Minotaur Fighter)               Turns: 6895, Time: 00:12:44

Health: -9/78      AC: 17    Str: 23    XL:     9   Next: 75%
Magic:  6/8        EV: 11    Int:  5    God:    Okawaru [*.....]
Gold:   283        SH: 14    Dex: 17    Spells: 8/8 levels left

rFire    . . .     SeeInvis .   a - +5 falchion (freeze) (curse)
rCold    . . .     Faith    .   c - +0 kite shield
rNeg     . . .     Spirit   .   y - +0 plate armour
rPois    .         Reflect  .   (helmet restricted)
rElec    .         Harm     .   (no cloak)
rCorr    .         Rampage  .   B - +0 pair of gloves
MR       +....                  (no boots)
Stlth    ..........             (no amulet)
HPRegen  0.23/turn              k - +6 ring of dexterity
MPRegen  0.11/turn              r - ring of protection from magic

@: heroism, lightly drained
A: retaliatory headbutt, horns 2
a: Heroism, Renounce Religion


You were on level 7 of the Dungeon.
You worshipped Okawaru.
Okawaru was aware of your devotion.
You visited 2 branches of the dungeon, and saw 9 of its levels.

You collected 283 gold pieces.

Inventory:

Hand Weapons
 a - a cursed +5 falchion of freezing (weapon)
 b - a +2 spear of venom
Armour
 c - a +0 kite shield (worn)
 y - a +0 plate armour (worn)
 B - a +0 pair of gloves (worn)
Jewellery
 k - a +6 ring of dexterity (left hand)
 n - an uncursed ring of fire
 r - a ring of protection from magic (right hand)
 x - an uncursed ring of protection from fire
Wands
 h - a wand of digging (3)
Scrolls
 e - 4 scrolls of teleportation
 f - 5 scrolls of identify
 g - 6 scrolls of remove curse
 i - 3 scrolls of random uselessness {unknown}
 j - 2 scrolls of enchant weapon {unknown}
 o - a scroll of amnesia {unknown}
 p - 2 scrolls of fog {unknown}
 u - a scroll of fear {unknown}
 v - a scroll of immolation {unknown}
 w - a scroll of enchant armour {unknown}
Potions
 d - a potion of might
 l - a potion of resistance
 m - a potion of invisibility {unknown}
 s - a potion of magic {unknown}
 t - a potion of flight {unknown}
 z - 2 potions of attraction {unknown}
 A - a potion of degeneration {unknown}


   Skills:
 + Level 6.9(11.4) Fighting
 + Level 7.0(11.5) Long Blades
 + Level 7.4(12.0) Polearms
 + Level 8.6(13.1) Armour
 + Level 2.7(7.3) Dodging
 + Level 1.0(5.6) Stealth
 + Level 9.0(13.6) Shields


You had 8 spell levels left.
You didn't know any spells.
Your spell library was empty.

Dungeon Overview and Level Annotations

Branches:
Dungeon (8/15)             Temple (1/1) D:6
   Lair: D:8-11

Altars:
Ashenzari
Elyvilon
Gozag
Hepliaklqana
Kikubaaqudgha
Makhleb
Okawaru
Sif Muna
Trog
Uskayaw
Wu Jian
Xom
Zin
The Shining One


Innate Abilities, Weirdness & Mutations

You reflexively headbutt those who attack you in melee.
You have a pair of horns on your head.


Message History

You headbutt the death yak, but do no damage.
The death yak is heavily wounded.
The death yak gores you.
* * * LOW HITPOINT WARNING * * *
You hit the death yak. You freeze the death yak.
You headbutt the death yak, but do no damage.
The death yak is heavily wounded.
The death yak gores you.
* * * LOW HITPOINT WARNING * * *
You hit the death yak. You freeze the death yak.
The death yak is severely wounded.
You slash the death yak! You freeze the death yak.
Your headbutt misses the death yak.
The death yak is almost dead.
You block the death yak's attack.
You barely miss the death yak.
You headbutt the death yak, but do no damage.
The death yak is almost dead.
The death yak gores you!!
You die...

...# #.........#
...####.........#
................#
........#'#######
........#.#
........#.#
........#.#
........#.########
..............rY@#
........##########
........#
........#
........######
.............#
#####........#
....#).......#
....#)########


You could see a death yak and a hell rat.

Vanquished Creatures
  Sigmund (D:4)
  Eustachio (D:4)
  Menkaure (D:6)
  Edmund (D:5)
  A water moccasin (D:6)
  Duvessa (D:4)
  An orc warrior (D:7)
  A sky beast (D:7)
  An ice beast (D:8)
  2 centaurs
  A phantom (D:8)
  4 ogres
  3 bullfrogs
  Dowan (D:4)
  A wyvern skeleton (D:2)
  A scorpion (D:8)
  3 killer bees (D:8)
  9 wights
  A quasit (D:7)
  2 bullfrog skeletons
  4 orc wizards
  A centaur skeleton (D:5)
  5 orc priests
  5 hounds
  An iguana (D:4)
  2 worker ants
  A killer bee zombie (D:6)
  2 hound skeletons (D:6)
  A worker ant zombie (D:7)
  10 adders
  2 shadow imps
  An ufetubus (D:5)
  An adder zombie (D:7)
  An adder skeleton (D:8)
  2 worms
  4 dart slugs
  6 leopard geckos
  31 orcs
  4 ball pythons
  10 bats
  3 giant cockroaches
  11 goblins
  12 hobgoblins
  4 jackals
  3 quokkas
  A ball python zombie (D:6)
  9 frilled lizards
  A jackal skeleton (D:4)
  4 kobolds
  A quokka zombie (D:6)
  7 rats
187 creatures vanquished.

Notes
Turn   | Place    | Note
-------+----------+-------------------------------------------
     0 | D:1      | Peloso the Minotaur Fighter began the quest for the Orb.
     0 | D:1      | Reached XP level 1. HP: 19/19 MP: 0/0
    76 | D:1      | Reached XP level 2. HP: 25/27 MP: 1/1
   116 | D:1      | Reached skill level 4 in Shields
   435 | D:1      | Reached XP level 3. HP: 33/33 MP: 2/2
  1105 | D:2      | Reached XP level 4. HP: 40/40 MP: 3/3
  1118 | D:2      | Reached skill level 1 in Polearms
  1121 | D:2      | Reached skill level 1 in Dodging
  1202 | D:2      | Reached XP level 5. HP: 45/47 MP: 4/4
  1625 | D:3      | Found a glowing silver altar of Zin.
  1928 | D:3      | Found a glowing golden altar of the Shining One.
  1928 | D:3      | Found a broken altar of Ashenzari.
  2181 | D:3      | Reached XP level 6. HP: 19/55 MP: 5/5
  2432 | D:3      | Reached skill level 5 in Armour
  2432 | D:3      | Reached skill level 5 in Shields
  2449 | D:4      | Found a burning altar of Makhleb.
  2456 | D:4      | Noticed Eustachio
  2469 | D:4      | Killed Eustachio
  2469 | D:4      | Reached skill level 5 in Fighting
  2469 | D:4      | Reached XP level 7. HP: 48/61 MP: 6/6
  2599 | D:4      | Noticed Duvessa
  2599 | D:4      | Noticed Dowan
  2603 | D:4      | Noticed Sigmund
  2612 | D:4      | Killed Duvessa
  2619 | D:4      | Killed Sigmund
  2619 | D:4      | Reached skill level 5 in Polearms
  2624 | D:4      | Killed Dowan
  2787 | D:4      | Reached skill level 6 in Shields
  2976 | D:4      | Reached XP level 8. HP: 68/69 MP: 7/7
  3108 | D:5      | Entered Level 5 of the Dungeon
  3202 | D:5      | Noticed Edmund
  3219 | D:5      | Killed Edmund
  3219 | D:5      | Reached skill level 1 in Stealth
  3649 | D:5      | Reached skill level 7 in Shields
  4737 | D:6      | Found a white marble altar of Elyvilon.
  4783 | D:6      | Found an ancient bone altar of Kikubaaqudgha.
  5095 | D:6      | Noticed Menkaure
  5105 | D:6      | Killed Menkaure
  5105 | D:6      | Reached XP level 9. HP: 39/75 MP: 8/8
  5410 | D:6      | Found a staircase to the Ecumenical Temple.
  5416 | Temple   | Entered the Ecumenical Temple
  5427 | Temple   | Became a worshipper of Warmaster Okawaru
  5515 | D:7      | Reached skill level 8 in Shields
  5954 | D:7      | Found a hazy altar of Hepliaklqana.
  5987 | D:7      | Found a hide-covered altar of Uskayaw.
  6014 | D:7      | Reached skill level 5 in Long Blades
  6167 | D:7      | Reached * piety under Okawaru
  6846 | D:8      | Reached skill level 9 in Shields
  6847 | D:8      | Noticed a death yak
  6861 | D:8      | Noticed a death yak
  6870 | D:8      | Noticed a death yak
  6885 | D:7      | HP: 1/78 [death yak (6)]
  6895 | D:7      | Mangled by a death yak

Illustrated notes

Levels and vault maps discovered:
D:1:      enne_arrival_octagon_isle, layout_basic
D:2:      layout_rooms
D:3:      layout_loops_ring, gammafunk_temple_overflow_pools, lemuel_round_altar
D:4:      layout_basic, bloody_makhleb, uniq_duvessa, uniq_eustachio,
          uniq_sigmund
D:5:      layout_basic, kennysheep_decorative_pillar, uniq_edmund
D:6:      layout_cave_pods, elyvilon_altar_5, nicolae_overflow_hidden_temple,
          minmay_temple_entry_fiery, uniq_menkaure
D:7:      layout_basic, nicolae_overflow_crystal_walls, lemuel_doored_altar
D:8:      layout_cave_pools, dpeg_lair_monsters
Temple:   dshaligram_water_room_temple

Skill      XL: |  1  2  3  4  5  6  7  8  9 |
---------------+----------------------------+-----
Shields        | 4 5 6 7 9 |  9.0
Fighting       | 4 5 6 |  6.9
Long Blades    | 3 7 |  7.0
Armour         | 4 5 6 7 8 |  8.6
Polearms       | 1 2 4 6 7 |  7.4
Dodging        | 1 2 |  2.7
Stealth        | 1 |  1.0

Action                   |  1- 3 |  4- 6 |  7- 9 || total
-------------------------+-------+-------+-------++-------
Melee: Long sword        |    48 |       |       ||    48
       Headbutt          |    12 |    22 |    88 ||   122
       Spear             |    45 |   107 |   124 ||   276
       Scimitar          |       |       |    73 ||    73
       Falchion          |       |       |    96 ||    96
Invok: Heroism           |       |       |     1 ||     1
  Use: Potion            |       |     1 |     2 ||     3
       Scroll            |       |     1 |     2 ||     3
Armor: Scale mail        |    65 |    19 |       ||    84
       Chain mail        |       |    34 |    61 ||    95
       Plate armour      |       |       |    77 ||    77
Dodge: Dodged            |    27 |    47 |    70 ||   144
Block: Kite shield       |    64 |    81 |   202 ||   347
       Rpst.: Scimitar   |       |       |     8 ||     8
       Falchion          |       |       |     6 ||     6

Table legend: (Time is in decaauts)
 A = Elapsed time spent in this place.
 B = Non-inter-level travel time spent in this place.
 C = Inter-level travel time spent in this place.
 D = Time resting spent in this place.
 E = Time spent auto-exploring this place.
 F = Levels seen in this place.
 G = Mean time per level.
                   A        B        C        D        E       F      G
               +--------+--------+--------+--------+--------+-----+--------+
         Total |   6936 |   6712 |    224 |    655 |   4679 |   9 |  770.7 |
       Dungeon |   6915 |   6691 |    224 |    655 |   4676 |   8 |  864.4 |
        Temple |     20 |     20 |      0 |      0 |      3 |   1 |   20.0 |
               +--------+--------+--------+--------+--------+-----+--------+

Top non-repeatable levels by time:
     D:5: 1204 daAuts
     D:6: 1159 daAuts
     D:3: 1041 daAuts
     D:7: 1019 daAuts
     D:1: 716 daAuts
     D:2: 699 daAuts
     D:4: 691 daAuts
     D:8: 383 daAuts
  Temple: 20 daAuts
